 Dungeon Crawl Stone Soup version 0.26-a0-36-g11e0b32562 (webtiles) character file.

Game seed: 12437391975046364776, levelgen mode: deterministic

7 1994 the Chucker (level 2, 32/32 HPs)
             Began as an Ogre Hunter on May 30, 2020.
             Quit the game on level 1 of the Dungeon.
             The game lasted 00:01:07 (301 turns).

1994 the Chucker (Ogre Hunter)                       Turns: 301, Time: 00:01:07

Health: 32/32      AC:  3    Str: 15    XL:     2   Next: 4%
Magic:  2/2        EV: 10    Int: 12    God:
Gold:   0          SH:  0    Dex:  9    Spells: 1/1 levels left

rFire    . . .     SeeInvis .   n - -2 hand axe (curse)
rCold    . . .     Gourm    .   (no shield)
rNeg     . . .     Faith    .   b - +0 robe
rPois    .         Spirit   .   (helmet restricted)
rElec    .         Reflect  .   (no cloak)
rCorr    .         Harm     .   (gloves unavailable)
MR       .....                  (boots unavailable)
Stlth    +.........             (no amulet)
HPRegen  0.10/turn              (no ring)
MPRegen  0.08/turn              (no ring)

@: no status effects
A: large, unfitting armour, tough skin 1
a: no special abilities


You were on level 1 of the Dungeon.
You were not hungry.

You visited 1 branch of the dungeon, and saw 1 of its levels.

Inventory:

Hand Weapons
 a - a +0 short sword of draining
 n - a cursed -2 hand axe (weapon)
Missiles
 c - 5 large rocks (quivered)
 d - 2 throwing nets
 j - 2 stones
Armour
 b - a +0 robe (worn)
Scrolls
 h - a scroll of identify {unknown}
 i - a scroll of noise {unknown}
 l - a scroll of random uselessness {unknown}
 m - a scroll of magic mapping {unknown}
Potions
 e - a potion of mutation {unknown}
 k - a potion of resistance {unknown}
Comestibles
 f - a ration
 g - 6 chunks of flesh


   Skills:
 + Level 3.6 Fighting
 - Level 4.0 Throwing
 - Level 1.7 Dodging
 - Level 0.6 Stealth


You had one spell level left.
You didn't know any spells.
Your spell library was empty.

Dungeon Overview and Level Annotations

Branches:
Dungeon (1/15)

Altars:


Innate Abilities, Weirdness & Mutations

You are too large for most types of armour.
You have tough skin. (AC +1)


Message History

The rat barely misses you.
You see here a scroll labeled FEDDEI XUSTYAG.
m - a scroll labeled FEDDEI XUSTYAG The rat barely misses you.
You closely miss the rat. The rat barely misses you.
You hit the rat.
You kill the rat!
No target in view!
No target in view!
No target in view!
You see here a glowing hand axe.
A hobgoblin comes into view. It is wielding a +0 club.
A hobgoblin is nearby!
A hobgoblin is nearby!
There are no items here.
You see here a glowing hand axe.
n - a glowing hand axe It sticks to your hand!
n - a cursed -2 hand axe (weapon)
Are you sure you want to abandon this character and quit the game? (Confirm with "yes".)

.....##########+#####+######
g...............## ##.......
.................# #........
...........#.....###........
...........#......#.........
#........#......#......#..
#.....#.............#..
#......................
.##.....@................
..........................
...........................
...............#...........
...............#...........
...............#...........
.............#.#######.....
......#.....#... #.>...
...........#### #....#


There were no monsters in sight!

Vanquished Creatures
  A bat (D:1)
  2 giant cockroaches (D:1)
  A hobgoblin (D:1)
  A kobold (D:1)
  2 rats (D:1)
7 creatures vanquished.

Notes
Turn   | Place    | Note
-------+----------+-------------------------------------------
     0 | D:1      | 1994 the Ogre Hunter began the quest for the Orb.
     0 | D:1      | Reached XP level 1. HP: 22/22 MP: 1/1
   223 | D:1      | Reached XP level 2. HP: 27/31 MP: 2/2
   301 | D:1      | Quit the game

Illustrated notes

Levels and vault maps discovered:
D:1:      onia_arrival_pentagram, layout_basic,
          hangedman_abyss_or_decor_lesser_grid

Skill      XL: |  1 |
---------------+----+-----
Fighting       | 3 |  3.6
Throwing       | |  4.0
Dodging        | |  1.7
Stealth        | |  0.6

Action                   || total
-------------------------++-------
Melee: Short sword       ||    35
Armor: Robe              ||    20
Dodge: Dodged            ||    17

Table legend:
 A = Non-vault XP
 B = Vault XP
 C = Vault XP percentage of total XP
 D = Non-vault monster count
 E = Vault monster count
 F = Vault count percentage of total count
                 A         B        C        D         E       F
            +---------+---------+-------+---------+---------+-------
      Total |      11 |       0 |   0.0 |       7 |       0 |   0.0
            +---------+---------+-------+---------+---------+-------
        D:1 |      11 |       0 |   0.0 |       7 |       0 |   0.0
            +---------+---------+-------+---------+---------+-------
